[ AOE2 MATCH · #481316904 ]
Team RMVikings vs Tatars
[ REPLAY ANALYSIS · EXTRACTED FROM THE RECORDED GAME ]
Feudal
11:04
Castle
22:57
Imperial
39:00
| APM avg | 24.5 |
| APM peak | 90 |
| eAPM avg | 15.7 |
| Villagers / military | 129 / 549 |
Focus
⚔️ 38.7% · 🌾 61.3%
Militia ×222 · Scout Cavalry ×107 · Knight ×65 · Spearman ×62 · Berserk ×35 · Skirmisher ×30
Feudal
11:12
Castle
14:54
Imperial
40:07
| APM avg | 20.0 |
| APM peak | 63 |
| eAPM avg | 12.3 |
| Villagers / military | 229 / 341 |
Focus
⚔️ 27.9% · 🌾 72.1%
Scout Cavalry ×259 · Keshik ×64 · Mangonel ×13 · Battering Ram ×5
Feudal
11:45
Castle
20:46
Imperial
35:16
| APM avg | 21.6 |
| APM peak | 60 |
| eAPM avg | 16.7 |
| Villagers / military | 250 / 212 |
Focus
⚔️ 28.4% · 🌾 71.6%
Skirmisher ×96 · Knight ×91 · Scorpion ×19 · Scout Cavalry ×3 · Trebuchet (Packed) ×3
Feudal
12:10
Castle
24:04
Imperial
35:19
| APM avg | 29.1 |
| APM peak | 61 |
| eAPM avg | 17.1 |
| Villagers / military | 91 / 406 |
Focus
⚔️ 54.4% · 🌾 45.6%
Militia ×317 · Spearman ×38 · Scorpion ×21 · Monk ×14 · Trebuchet (Packed) ×12 · Knight ×4
Match map
Initial resources + every placement click. Lines = walls · curves = elevation contours. ◆ gold · ⬟ stone · ● berries · ✦ relic · ◌ wall gap
Your base· Open — unwalled flank
thecakemaker's base· Open — unwalled flank
khanh.ironwill's base· Open — unwalled flank
Hiyu222's base· Open — unwalled flank
Smoothed initial terrain · ◌ = detected wall gap · hover for details
Inputs per minute
— Thaminator - - thecakemaker
Build order — Thaminator
First 150 of 542 actions detected
| 0:02 | Build | House |
| 0:06 | Build | House |
| 0:07 | Create | Villager (Male) |
| 0:07 | Create | Villager (Male) |
| 0:08 | Create | Villager (Male) |
| 0:08 | Create | Villager (Male) |
| 0:08 | Create | Villager (Male) |
| 1:09 | Research | Loom |
| 2:13 | Create | Villager (Male) |
| 2:13 | Create | Villager (Male) |
| 2:14 | Create | Villager (Male) |
| 2:14 | Create | Villager (Male) |
| 2:18 | Create | Villager (Male) |
| 2:18 | Create | Villager (Male) |
| 2:18 | Create | Villager (Male) |
| 3:22 | Create | Villager (Male) |
| 3:23 | Create | Villager (Male) |
| 3:23 | Create | Villager (Male) |
| 3:33 | Build | Lumber Camp |
| 3:43 | Create | Villager (Male) |
| 3:43 | Create | Villager (Male) |
| 4:14 | Create | Villager (Male) |
| 4:15 | Create | Villager (Male) |
| 4:21 | Build | House |
| 4:25 | Build | House |
| 4:33 | Create | Villager (Male) |
| 4:49 | Create | Villager (Male) |
| 5:12 | Create | Villager (Male) |
| 5:13 | Create | Villager (Male) |
| 5:32 | Create | Villager (Male) |
| 6:45 | Create | Villager (Male) |
| 6:46 | Create | Villager (Male) |
| 6:57 | Build | Mill |
| 7:24 | Create | Villager (Male) |
| 8:11 | Create | Villager (Male) |
| 8:30 | Build | Barracks |
| 8:54 | Research | Feudal Age |
| 9:26 | Create | Militia |
| 9:26 | Create | Militia |
| 9:32 | Build | Mining Camp |
| 9:40 | Build | House |
| 9:44 | Build | House |
| 9:46 | Build | House |
| 10:31 | Create | Militia |
| 10:39 | Create | Villager (Male) |
| 10:40 | Create | Villager (Male) |
| 10:42 | Create | Villager (Male) |
| 10:47 | Build | Farm |
| 10:48 | Build | Farm |
| 10:48 | Build | Farm |
| 11:04 | Age | Feudal Age |
| 11:10 | Create | Villager (Male) |
| 11:16 | Build | Farm |
| 11:35 | Research | Man-at-Arms (upgrade) |
| 11:53 | Build | Blacksmith |
| 11:56 | Create | Villager (Male) |
| 11:56 | Create | Villager (Male) |
| 12:20 | Create | Villager (Male) |
| 12:20 | Create | Villager (Male) |
| 12:47 | Build | Farm |
| 12:47 | Build | Farm |
| 13:16 | Build | Farm |
| 13:19 | Create | Villager (Male) |
| 13:19 | Create | Villager (Male) |
| 13:20 | Create | Villager (Male) |
| 13:36 | Research | Horse Collar |
| 13:50 | Build | Farm |
| 14:11 | Build | Lumber Camp |
| 14:35 | Create | Villager (Male) |
| 14:35 | Create | Villager (Male) |
| 14:40 | Create | Spearman |
| 14:57 | Build | House |
| 15:02 | Build | Palisade Wall |
| 15:09 | Create | Villager (Male) |
| 15:09 | Create | Villager (Male) |
| 15:35 | Build | Market |
| 15:44 | Build | Farm |
| 15:44 | Build | Farm |
| 16:01 | Build | Farm |
| 16:29 | Build | Watch Tower |
| 16:40 | Create | Militia |
| 16:46 | Build | Farm |
| 16:46 | Build | Farm |
| 16:51 | Research | Fletching |
| 16:53 | Research | Forging |
| 16:58 | Create | Militia |
| 17:09 | Create | Villager (Male) |
| 17:09 | Create | Villager (Male) |
| 17:49 | Create | Villager (Male) |
| 18:07 | Create | Militia |
| 18:07 | Create | Militia |
| 18:13 | Create | Villager (Male) |
| 18:23 | Build | Farm |
| 18:24 | Build | Farm |
| 18:24 | Build | Farm |
| 18:25 | Build | Farm |
| 18:33 | Create | Villager (Male) |
| 18:54 | Build | House |
| 18:56 | Build | House |
| 19:49 | Create | Villager (Male) |
| 19:49 | Create | Villager (Male) |
| 19:51 | Research | Castle Age |
| 19:58 | Create | Villager (Male) |
| 20:06 | Build | Mining Camp |
| 20:33 | Create | Villager (Male) |
| 20:34 | Create | Villager (Male) |
| 20:55 | Build | House |
| 20:57 | Build | House |
| 21:09 | Create | Villager (Male) |
| 21:17 | Research | Gold Mining |
| 21:25 | Build | Barracks |
| 21:26 | Build | Barracks |
| 21:35 | Build | Barracks |
| 21:38 | Research | Scale Mail Armor |
| 21:48 | Create | Villager (Male) |
| 21:49 | Create | Villager (Male) |
| 22:05 | Build | Stone Wall |
| 22:17 | Research | Double-Bit Axe |
| 22:38 | Build | Gate |
| 22:43 | Build | Stone Wall |
| 22:57 | Age | Castle Age |
| 23:20 | Build | Town Center |
| 23:27 | Build | Town Center |
| 23:33 | Research | Long Swordsman (upgrade) |
| 23:33 | Research | Gambesons |
| 23:34 | Research | Squires |
| 23:54 | Research | Gold Shaft Mining |
| 24:07 | Create | Militia |
| 24:07 | Create | Militia |
| 24:10 | Create | Spearman |
| 24:10 | Create | Spearman |
| 24:17 | Create | Villager (Male) |
| 24:17 | Create | Villager (Male) |
| 24:27 | Research | Bow Saw |
| 24:50 | Research | Heavy Plow |
| 25:07 | Build | Farm |
| 25:14 | Create | Villager (Male) |
| 25:16 | Create | Villager (Male) |
| 25:16 | Create | Villager (Male) |
| 25:16 | Create | Villager (Male) |
| 25:17 | Create | Villager (Male) |
| 25:17 | Create | Villager (Male) |
| 25:46 | Research | Pikeman (upgrade) |
| 25:49 | Create | Spearman |
| 25:52 | Create | Villager (Male) |
| 25:53 | Create | Villager (Male) |
| 25:57 | Create | Villager (Male) |
| 25:57 | Create | Villager (Male) |
| 26:28 | Build | Stable |
| 26:32 | Create | Villager (Male) |
Build order — thecakemaker
First 150 of 610 actions detected
| 0:00 | Create | Villager (Male) |
| 0:01 | Create | Villager (Male) |
| 0:01 | Create | Villager (Male) |
| 0:02 | Create | Villager (Male) |
| 0:02 | Create | Villager (Male) |
| 0:05 | Build | House |
| 0:06 | Build | House |
| 1:40 | Create | Villager (Male) |
| 1:52 | Build | Lumber Camp |
| 2:10 | Create | Villager (Male) |
| 2:11 | Create | Villager (Male) |
| 2:11 | Create | Villager (Male) |
| 3:01 | Create | Villager (Male) |
| 3:02 | Create | Villager (Male) |
| 3:02 | Create | Villager (Male) |
| 3:02 | Create | Villager (Male) |
| 3:33 | Create | Villager (Male) |
| 3:33 | Create | Villager (Male) |
| 3:40 | Build | House |
| 4:13 | Create | Villager (Male) |
| 4:13 | Create | Villager (Male) |
| 4:14 | Create | Villager (Male) |
| 4:32 | Build | Mill |
| 4:56 | Create | Villager (Male) |
| 5:35 | Create | Villager (Male) |
| 5:35 | Create | Villager (Male) |
| 5:36 | Create | Villager (Male) |
| 5:36 | Create | Villager (Male) |
| 5:48 | Build | House |
| 6:45 | Create | Villager (Male) |
| 6:45 | Create | Villager (Male) |
| 7:47 | Create | Villager (Male) |
| 7:47 | Create | Villager (Male) |
| 7:47 | Create | Villager (Male) |
| 8:41 | Research | Feudal Age |
| 8:47 | Build | Mill |
| 9:23 | Build | House |
| 9:26 | Build | House |
| 9:48 | Build | Mining Camp |
| 9:52 | Create | Villager (Male) |
| 9:52 | Create | Villager (Male) |
| 11:12 | Age | Feudal Age |
| 11:14 | Build | Market |
| 11:21 | Build | Blacksmith |
| 11:34 | Research | Double-Bit Axe |
| 12:14 | Research | Castle Age |
| 12:47 | Build | House |
| 12:53 | Build | Palisade Wall |
| 14:18 | Research | Loom |
| 14:22 | Research | Wheelbarrow |
| 14:54 | Age | Castle Age |
| 14:57 | Build | Town Center |
| 15:09 | Build | Town Center |
| 15:41 | Research | Bow Saw |
| 16:24 | Create | Villager (Male) |
| 16:25 | Create | Villager (Male) |
| 16:25 | Create | Villager (Male) |
| 16:25 | Create | Villager (Male) |
| 16:38 | Research | Horse Collar |
| 16:54 | Create | Villager (Male) |
| 16:54 | Create | Villager (Male) |
| 16:54 | Create | Villager (Male) |
| 16:55 | Create | Villager (Male) |
| 16:57 | Create | Villager (Male) |
| 16:57 | Create | Villager (Male) |
| 16:57 | Create | Villager (Male) |
| 16:58 | Create | Villager (Male) |
| 16:58 | Create | Villager (Male) |
| 16:58 | Create | Villager (Male) |
| 17:07 | Build | Mining Camp |
| 17:21 | Create | Villager (Male) |
| 17:21 | Create | Villager (Male) |
| 17:39 | Create | Villager (Male) |
| 17:39 | Create | Villager (Male) |
| 17:40 | Create | Villager (Male) |
| 17:54 | Research | Heavy Plow |
| 18:02 | Build | Farm |
| 18:10 | Build | Farm |
| 18:13 | Build | Farm |
| 18:26 | Build | Farm |
| 18:42 | Create | Villager (Male) |
| 18:42 | Create | Villager (Male) |
| 18:42 | Create | Villager (Male) |
| 18:42 | Create | Villager (Male) |
| 18:47 | Build | Farm |
| 18:52 | Build | Farm |
| 18:58 | Build | Farm |
| 19:00 | Build | Farm |
| 19:13 | Build | Farm |
| 19:17 | Build | Farm |
| 19:21 | Build | Farm |
| 19:25 | Build | Farm |
| 19:34 | Build | Farm |
| 19:38 | Create | Villager (Male) |
| 19:38 | Create | Villager (Male) |
| 19:39 | Create | Villager (Male) |
| 19:39 | Create | Villager (Male) |
| 19:39 | Create | Villager (Male) |
| 19:58 | Build | House |
| 20:00 | Build | House |
| 20:01 | Build | House |
| 20:02 | Build | House |
| 20:03 | Build | House |
| 20:04 | Build | House |
| 20:06 | Build | House |
| 20:07 | Build | House |
| 20:08 | Build | House |
| 20:10 | Build | House |
| 20:26 | Build | Town Center |
| 20:36 | Build | House |
| 20:38 | Build | House |
| 20:40 | Build | House |
| 20:41 | Build | House |
| 20:43 | Build | House |
| 20:44 | Build | House |
| 20:45 | Build | House |
| 20:47 | Build | House |
| 20:50 | Create | Villager (Male) |
| 20:51 | Create | Villager (Male) |
| 20:51 | Create | Villager (Male) |
| 20:51 | Create | Villager (Male) |
| 20:51 | Create | Villager (Male) |
| 20:54 | Create | Villager (Male) |
| 20:54 | Create | Villager (Male) |
| 21:10 | Build | Farm |
| 21:14 | Build | Farm |
| 21:18 | Build | Farm |
| 21:22 | Build | Farm |
| 21:26 | Build | Farm |
| 21:28 | Create | Villager (Male) |
| 21:30 | Build | Farm |
| 21:37 | Build | Farm |
| 21:39 | Build | Farm |
| 21:41 | Create | Villager (Male) |
| 21:41 | Create | Villager (Male) |
| 21:41 | Create | Villager (Male) |
| 21:46 | Build | Farm |
| 21:49 | Build | Farm |
| 21:53 | Build | Farm |
| 21:56 | Build | Farm |
| 22:00 | Build | Farm |
| 22:02 | Create | Villager (Male) |
| 22:02 | Create | Villager (Male) |
| 22:02 | Create | Villager (Male) |
| 22:03 | Create | Villager (Male) |
| 22:07 | Build | Farm |
| 22:12 | Build | Farm |
| 22:15 | Build | Farm |
| 22:18 | Build | Farm |
| 22:23 | Build | Farm |
Build order — khanh.ironwill
First 150 of 782 actions detected
| 0:01 | Create | Villager (Male) |
| 0:01 | Create | Villager (Male) |
| 0:02 | Create | Villager (Male) |
| 0:02 | Create | Villager (Male) |
| 0:04 | Build | House |
| 1:24 | Build | House |
| 1:55 | Create | Villager (Male) |
| 1:55 | Create | Villager (Male) |
| 2:39 | Create | Villager (Male) |
| 2:55 | Create | Villager (Male) |
| 3:40 | Create | Villager (Male) |
| 3:40 | Create | Villager (Male) |
| 3:51 | Build | House |
| 4:10 | Create | Villager (Male) |
| 4:14 | Create | Villager (Male) |
| 4:14 | Create | Villager (Male) |
| 4:26 | Create | Villager (Male) |
| 4:54 | Create | Villager (Male) |
| 4:54 | Create | Villager (Male) |
| 5:10 | Create | Villager (Male) |
| 5:10 | Create | Villager (Male) |
| 5:44 | Create | Villager (Male) |
| 5:45 | Create | Villager (Male) |
| 5:59 | Build | Lumber Camp |
| 6:01 | Create | Villager (Male) |
| 6:01 | Create | Villager (Male) |
| 6:01 | Create | Villager (Male) |
| 6:10 | Create | Villager (Male) |
| 6:28 | Build | House |
| 6:31 | Create | Villager (Male) |
| 6:32 | Create | Villager (Male) |
| 6:40 | Create | Villager (Male) |
| 6:40 | Create | Villager (Male) |
| 6:41 | Create | Villager (Male) |
| 6:49 | Create | Villager (Male) |
| 6:50 | Create | Villager (Male) |
| 7:14 | Create | Villager (Male) |
| 7:28 | Create | Villager (Male) |
| 7:28 | Create | Villager (Male) |
| 7:29 | Create | Villager (Male) |
| 7:36 | Create | Villager (Male) |
| 7:36 | Create | Villager (Male) |
| 7:44 | Create | Villager (Male) |
| 7:59 | Build | Mill |
| 8:02 | Create | Villager (Male) |
| 9:05 | Build | Mining Camp |
| 9:12 | Build | House |
| 9:17 | Research | Feudal Age |
| 9:46 | Build | House |
| 9:48 | Build | House |
| 9:50 | Create | Villager (Male) |
| 9:51 | Create | Villager (Male) |
| 10:39 | Build | Farm |
| 10:41 | Build | Farm |
| 10:42 | Build | Farm |
| 10:43 | Build | Farm |
| 10:44 | Build | Farm |
| 10:45 | Build | Farm |
| 10:48 | Build | Farm |
| 10:53 | Build | Farm |
| 11:00 | Build | House |
| 11:04 | Create | Villager (Male) |
| 11:05 | Create | Villager (Male) |
| 11:05 | Create | Villager (Male) |
| 11:29 | Build | Barracks |
| 11:45 | Age | Feudal Age |
| 11:49 | Create | Villager (Male) |
| 12:08 | Build | Market |
| 12:12 | Create | Villager (Male) |
| 12:34 | Build | House |
| 12:36 | Build | House |
| 13:00 | Build | Blacksmith |
| 13:41 | Build | House |
| 13:56 | Build | Mining Camp |
| 14:04 | Create | Villager (Male) |
| 14:07 | Build | Farm |
| 14:08 | Build | Farm |
| 14:18 | Build | House |
| 14:51 | Build | House |
| 14:57 | Build | Stable |
| 15:02 | Create | Villager (Male) |
| 15:06 | Build | Farm |
| 15:26 | Create | Villager (Male) |
| 15:43 | Build | Farm |
| 15:44 | Build | Farm |
| 15:54 | Build | Farm |
| 15:57 | Create | Villager (Male) |
| 16:10 | Create | Villager (Male) |
| 16:16 | Build | Mill |
| 16:18 | Build | Farm |
| 16:21 | Create | Scout Cavalry |
| 16:21 | Create | Scout Cavalry |
| 16:22 | Create | Scout Cavalry |
| 16:38 | Build | House |
| 16:51 | Create | Villager (Male) |
| 16:51 | Create | Villager (Male) |
| 16:58 | Create | Villager (Male) |
| 17:18 | Build | Farm |
| 17:23 | Build | House |
| 17:44 | Research | Castle Age |
| 17:53 | Build | Farm |
| 18:05 | Build | House |
| 18:21 | Build | Watch Tower |
| 18:55 | Build | House |
| 18:57 | Create | Villager (Male) |
| 18:57 | Create | Villager (Male) |
| 19:54 | Create | Villager (Male) |
| 19:54 | Create | Villager (Male) |
| 20:18 | Build | House |
| 20:29 | Build | House |
| 20:31 | Build | House |
| 20:46 | Age | Castle Age |
| 20:47 | Create | Villager (Male) |
| 20:48 | Create | Villager (Male) |
| 20:48 | Create | Villager (Male) |
| 20:56 | Create | Knight ×3 |
| 20:56 | Create | Knight ×3 |
| 21:19 | Build | Town Center |
| 21:44 | Research | Scale Barding Armor |
| 21:47 | Build | Farm |
| 21:54 | Build | House |
| 21:55 | Build | House |
| 21:57 | Build | House |
| 22:11 | Create | Villager (Male) |
| 22:11 | Create | Villager (Male) |
| 22:27 | Build | Farm |
| 22:27 | Build | Farm |
| 22:28 | Build | Farm |
| 22:58 | Build | Town Center |
| 23:07 | Create | Villager (Male) |
| 23:07 | Create | Villager (Male) |
| 23:07 | Create | Villager (Male) |
| 23:11 | Build | Farm |
| 23:12 | Build | Farm |
| 23:15 | Build | Farm |
| 23:26 | Build | House |
| 23:27 | Build | House |
| 23:49 | Build | Farm |
| 23:50 | Build | Farm |
| 23:53 | Build | Farm |
| 23:55 | Build | Farm |
| 23:57 | Create | Villager (Male) |
| 23:58 | Create | Villager (Male) |
| 24:09 | Create | Villager (Male) |
| 24:10 | Create | Villager (Male) |
| 24:10 | Create | Villager (Male) |
| 24:29 | Build | House |
| 24:31 | Build | House |
| 24:56 | Create | Villager (Male) |
| 24:56 | Create | Villager (Male) |
Build order — Hiyu222
First 150 of 663 actions detected
| 0:02 | Build | House |
| 0:07 | Build | House |
| 0:09 | Create | Villager (Male) |
| 0:09 | Create | Villager (Male) |
| 0:09 | Create | Villager (Male) |
| 0:09 | Create | Villager (Male) |
| 0:10 | Create | Villager (Male) |
| 1:59 | Build | Lumber Camp |
| 2:19 | Create | Villager (Male) |
| 2:20 | Create | Villager (Male) |
| 2:20 | Create | Villager (Male) |
| 3:08 | Create | Villager (Male) |
| 3:10 | Create | Villager (Male) |
| 3:10 | Create | Villager (Male) |
| 3:11 | Create | Villager (Male) |
| 3:12 | Create | Villager (Male) |
| 4:12 | Create | Villager (Male) |
| 4:12 | Create | Villager (Male) |
| 4:37 | Create | Villager (Male) |
| 4:37 | Create | Villager (Male) |
| 4:37 | Create | Villager (Male) |
| 4:53 | Build | House |
| 5:31 | Build | Mill |
| 5:38 | Create | Villager (Male) |
| 5:38 | Create | Villager (Male) |
| 6:28 | Create | Villager (Male) |
| 6:28 | Create | Villager (Male) |
| 6:29 | Create | Villager (Male) |
| 6:29 | Create | Villager (Male) |
| 6:49 | Create | Villager (Male) |
| 6:50 | Create | Villager (Male) |
| 6:50 | Create | Villager (Male) |
| 7:00 | Build | House |
| 8:03 | Create | Villager (Male) |
| 8:03 | Create | Villager (Male) |
| 8:19 | Build | House |
| 8:36 | Build | Barracks |
| 8:42 | Build | Palisade Wall |
| 9:35 | Create | Villager (Male) |
| 9:45 | Build | Mining Camp |
| 9:49 | Research | Feudal Age |
| 10:01 | Build | House |
| 10:48 | Create | Militia |
| 10:48 | Create | Militia |
| 10:49 | Create | Militia |
| 10:49 | Create | Militia |
| 10:53 | Create | Militia |
| 10:53 | Create | Militia |
| 11:28 | Create | Villager (Male) |
| 11:28 | Create | Villager (Male) |
| 11:29 | Create | Villager (Male) |
| 11:29 | Create | Villager (Male) |
| 12:01 | Build | Barracks |
| 12:10 | Age | Feudal Age |
| 12:20 | Research | Man-at-Arms (upgrade) |
| 12:38 | Research | Loom |
| 12:43 | Research | Loom |
| 12:49 | Create | Villager (Male) |
| 12:49 | Create | Villager (Male) |
| 12:50 | Create | Villager (Male) |
| 12:50 | Create | Villager (Male) |
| 12:50 | Create | Villager (Male) |
| 12:50 | Create | Villager (Male) |
| 13:05 | Build | Farm |
| 13:07 | Create | Militia |
| 13:07 | Create | Militia |
| 13:30 | Build | Farm |
| 13:35 | Build | Farm |
| 13:51 | Create | Militia |
| 13:51 | Create | Militia |
| 13:51 | Create | Militia |
| 13:52 | Create | Militia |
| 13:57 | Build | House |
| 13:59 | Build | House |
| 14:04 | Build | Farm |
| 14:05 | Build | Farm |
| 14:05 | Build | Farm |
| 14:05 | Build | Farm |
| 14:06 | Build | Farm |
| 14:06 | Build | Farm |
| 14:06 | Build | Farm |
| 14:06 | Build | Farm |
| 14:07 | Build | Farm |
| 14:39 | Build | Farm |
| 14:42 | Build | Farm |
| 14:52 | Build | Farm |
| 15:19 | Build | Farm |
| 15:47 | Create | Villager (Male) |
| 15:47 | Create | Villager (Male) |
| 15:47 | Create | Villager (Male) |
| 15:48 | Create | Villager (Male) |
| 15:58 | Build | Blacksmith |
| 16:58 | Research | Forging |
| 17:01 | Build | House |
| 17:02 | Build | House |
| 17:07 | Build | Market |
| 17:23 | Build | Mining Camp |
| 17:27 | Research | Scale Mail Armor |
| 17:44 | Research | Wheelbarrow |
| 18:01 | Research | Horse Collar |
| 19:24 | Build | Farm |
| 19:25 | Build | Farm |
| 21:15 | Build | Farm |
| 21:24 | Research | Castle Age |
| 21:24 | Research | Castle Age |
| 22:13 | Create | Militia |
| 22:13 | Create | Militia |
| 22:13 | Create | Militia |
| 22:13 | Create | Militia |
| 22:26 | Create | Spearman |
| 22:27 | Create | Militia |
| 22:27 | Create | Militia |
| 22:27 | Create | Militia |
| 22:33 | Build | Farm |
| 22:34 | Build | Farm |
| 23:48 | Create | Spearman |
| 23:49 | Create | Militia |
| 23:49 | Create | Spearman |
| 23:50 | Create | Militia |
| 24:00 | Build | House |
| 24:02 | Build | House |
| 24:03 | Build | House |
| 24:04 | Age | Castle Age |
| 24:10 | Research | Long Swordsman (upgrade) |
| 24:53 | Create | Villager (Male) |
| 24:53 | Create | Villager (Male) |
| 24:54 | Create | Villager (Male) |
| 24:54 | Create | Villager (Male) |
| 24:54 | Create | Villager (Male) |
| 25:02 | Build | Town Center |
| 25:45 | Build | Town Center |
| 25:59 | Create | Villager (Male) |
| 26:15 | Research | Double-Bit Axe |
| 26:18 | Research | Pikeman (upgrade) |
| 26:19 | Create | Militia |
| 26:19 | Create | Militia |
| 26:20 | Create | Spearman |
| 26:20 | Create | Spearman |
| 27:29 | Build | Castle |
| 27:47 | Create | Villager (Male) |
| 27:48 | Create | Villager (Male) |
| 27:48 | Create | Villager (Male) |
| 27:48 | Create | Villager (Male) |
| 27:49 | Create | Villager (Male) |
| 27:49 | Create | Villager (Male) |
| 27:49 | Create | Villager (Male) |
| 28:02 | Research | Bow Saw |
| 28:08 | Research | Iron Casting |
| 28:41 | Create | Villager (Male) |
| 28:41 | Create | Villager (Male) |
Match timeline
| 8:30 | Thaminator · first_building Barracks |
| 8:36 | Hiyu222 · first_building Barracks |
| 8:42 | Hiyu222 · wall_segment Palisade Wall x1 |
| 11:04 | Thaminator · age_up feudal |
| 11:12 | thecakemaker · age_up feudal |
| 11:29 | khanh.ironwill · first_building Barracks |
| 11:45 | khanh.ironwill · age_up feudal |
| 12:10 | Hiyu222 · age_up feudal |
| 12:53 | thecakemaker · wall_segment Palisade Wall x1 |
| 14:54 | thecakemaker · age_up castle |
| 14:57 | khanh.ironwill · first_building Stable |
| 15:02 | Thaminator · wall_segment Palisade Wall x5 |
| 17:17 | Thaminator · first_market_buy 100 food |
| 17:19 | Thaminator · first_market_sell 100 wood |
| 17:39 | khanh.ironwill · first_market_buy 100 food |
| 20:46 | khanh.ironwill · age_up castle |
| 21:18 | Hiyu222 · first_market_buy 100 food |
| 22:05 | Thaminator · wall_segment Stone Wall x1 |
| 22:22 | Hiyu222 · first_market_sell 100 wood |
| 22:43 | Thaminator · wall_segment Stone Wall x2 |
| 22:57 | Thaminator · age_up castle |
| 23:35 | thecakemaker · first_building Barracks |
| 24:04 | Hiyu222 · age_up castle |
| 24:37 | thecakemaker · first_building Castle |
| 25:07 | thecakemaker · first_building Stable |
| 25:11 | khanh.ironwill · first_building Castle |
| 26:28 | Thaminator · first_building Stable |
| 27:20 | Thaminator · first_building Monastery |
| 27:29 | Hiyu222 · first_building Castle |
| 28:54 | thecakemaker · first_building Siege Workshop |
| 29:27 | Thaminator · wall_segment Stone Wall x3 |
| 29:32 | Thaminator · wall_segment Stone Wall x1 |
| 31:02 | Thaminator · first_building Castle |
| 32:25 | Hiyu222 · first_building Stable |
| 32:29 | Hiyu222 · first_building Monastery |
| 33:40 | thecakemaker · tribute_sent a jugador 1 |
| 33:40 | thecakemaker · tribute_sent a jugador 3 |
| 33:40 | thecakemaker · tribute_sent a jugador 4 |
| 33:48 | Thaminator · first_building Siege Workshop |
| 35:16 | khanh.ironwill · age_up imperial |
| 35:19 | Hiyu222 · age_up imperial |
| 37:22 | Thaminator · wall_segment Stone Wall x7 |
| 39:00 | Thaminator · age_up imperial |
| 40:07 | thecakemaker · age_up imperial |
| 47:27 | Hiyu222 · first_building Siege Workshop |
| 47:28 | khanh.ironwill · first_building Archery Range |
| 49:59 | thecakemaker · first_building Archery Range |
| 52:32 | Thaminator · first_building Archery Range |
| 52:59 | khanh.ironwill · first_building Siege Workshop |
| 54:41 | Thaminator · wall_segment Stone Wall x7 |
| 55:13 | Thaminator · tribute_sent a jugador 2 |
| 55:13 | Thaminator · tribute_sent a jugador 3 |
| 55:13 | Thaminator · tribute_sent a jugador 4 |
| 56:37 | thecakemaker · tribute_sent a jugador 1 |
| 56:37 | thecakemaker · tribute_sent a jugador 3 |
| 56:37 | thecakemaker · tribute_sent a jugador 4 |
| 61:19 | Thaminator · resign |
| 62:11 | khanh.ironwill · first_market_sell 500 stone |
[ AI ANALYSIS · 1 CREDIT ]
What really happened in this match?
Wolo.gg analyzes every decision: build order, eco, micro, common mistakes by bracket. Personalized analysis on WhatsApp or Discord in 30 seconds.
Civ guide
Vikings
Map guide
Lombardia
Perfil
Jugador #2911618